 Dungeon Crawl Stone Soup version 0.26-a0-84-g8c18429211 (webtiles) character file.

Game seed: 10751881171210067255

42602 Morbidden the Blocker (level 14, -4/166 HPs)
             Began as a Gnoll Fighter on June 19, 2020.
             Was a High Priest of Nemelex Xobeh.
             Slain by a dream sheep (24 damage)
             ... on level 6 of the Lair of Beasts.
             The game lasted 00:49:36 (21490 turns).

Morbidden the Blocker (Gnoll Fighter)              Turns: 21490, Time: 00:49:36

Health: -4/166     AC: 27    Str: 23    XL:     14   Next: 20%
Magic:  26/26      EV:  2    Int: 10    God:    Nemelex Xobeh [*****.]
Gold:   682        SH:  0    Dex: 16    Spells: 30/30 levels left

rFire    . . .     SeeInvis .   a - +3 sling "Punk" {acid, rCorr}
rCold    . . .     Gourm    .   G - +0 tower shield (curse)
rNeg     + + +     Faith    .   (armour currently unavailable)
rPois    +         Spirit   .   (helmet currently unavailable)
rElec    .         Reflect  .   (cloak currently unavailable)
rCorr    +         Harm     .   (gloves currently unavailable)
MR       +....     NoTele   +   (boots currently unavailable)
Stlth    ++++......             A - amulet of the acrobat
HPRegen  0.37/turn              t - ring of wizardry
MPRegen  0.20/turn              V - ring of poison resistance

@: tree-form, sleeping
A: distributed training, strong nose
a: Draw Escape, Draw Destruction, Draw Summoning, Triple Draw, Deal Four, Stack
Five, Renounce Religion


You were on level 6 of the Lair of Beasts.
You worshipped Nemelex Xobeh.
Nemelex Xobeh was extremely pleased with you.
You were not hungry.
You were a tree.
You visited 3 branches of the dungeon, and saw 18 of its levels.
You visited 1 bazaar.
You also visited: Ossuary.

You collected 1528 gold pieces.
You spent 846 gold pieces at shops.

Inventory:

Hand Weapons
 a - the +3 sling "Punk" (weapon) {acid, rCorr}
   (You bought it in a shop in a bazaar)

   It provides partial protection from all sources of acid and corrosion.
 b - the +8 whip "Snakebite" {curare, rPois}
   (You found it on level 2 of the Lair of Beasts)

   It poisons the flesh of those it strikes.
   It protects you from poison.
 B - a +0 dagger of electrocution
 W - a +2 whip of electrocution
Missiles
 g - 449 stones (quivered)
 j - 12 boomerangs
 m - 2 javelins
 s - 50 poisoned darts
 K - a throwing net
 O - 71 sling bullets
 Q - 6 datura-tipped darts
Armour
 d - a +0 plate armour (melded)
 v - a +2 helmet (melded)
 E - a +2 pair of boots (melded)
 G - a cursed +0 tower shield (worn)
Jewellery
 t - a ring of wizardry (left branch)
 A - an amulet of the acrobat (around neck)
 V - a ring of poison resistance (right branch)
Wands
 c - a wand of iceblast (6)
 x - a wand of acid (12)
 H - a wand of random effects (21)
 N - a wand of enslavement (9)
 P - a wand of disintegration (16)
 T - a wand of digging (4)
Scrolls
 e - 8 scrolls of identify
 h - 3 scrolls of fog
 l - 10 scrolls of teleportation
 r - 5 scrolls of blinking
 w - a scroll of enchant weapon {unknown}
 y - 2 scrolls of enchant armour
 C - 6 scrolls of remove curse
 J - 3 scrolls of magic mapping
 L - 2 scrolls of silence
 R - 2 scrolls of amnesia
Potions
 i - 4 potions of flight
 k - 3 potions of cancellation
 n - a potion of berserk rage {unknown}
 o - 3 potions of stabbing {unknown}
 p - 5 potions of heal wounds {unknown}
 q - 14 potions of curing
 u - 3 potions of might
 z - 4 potions of brilliance
 D - a potion of invisibility {unknown}
 F - 5 potions of lignification
 I - 4 potions of resistance {unknown}
 M - a potion of magic {unknown}
 S - a potion of mutation
Comestibles
 f - 45 rations
 U - a chunk of flesh


   Skills:
 + Level 10.9 Fighting
 + Level 8.9 Short Blades
 + Level 10.0 Long Blades
 + Level 8.9 Axes
 + Level 8.9 Maces & Flails
 + Level 8.9 Polearms
 + Level 8.9 Staves
 + Level 8.9 Slings
 + Level 8.9 Bows
 + Level 8.9 Crossbows
 + Level 8.9 Throwing
 + Level 10.9 Armour
 + Level 8.9 Dodging
 + Level 8.9 Stealth
 + Level 10.9 Shields
 + Level 8.9 Unarmed Combat
 + Level 8.9 Spellcasting
 + Level 7.4 Conjurations
 + Level 7.4 Hexes
 + Level 7.4 Charms
 + Level 7.4 Summonings
 + Level 7.4 Necromancy
 + Level 7.4 Translocations
 + Level 7.4 Transmutations
 + Level 7.4 Fire Magic
 + Level 7.4 Ice Magic
 + Level 7.4 Air Magic
 + Level 7.4 Earth Magic
 + Level 7.4 Poison Magic
 + Level 9.6 Invocations
 + Level 8.9 Evocations


You had 30 spell levels left.
You didn't know any spells.
Your spell library contained the following spells:

 Spells                   Type           Power        Failure   Level  Hunger
 Foxfire                  Conj/Fire      ###.         1%          1    None
 Confusing Touch          Hex            ###.....     6%          3    ###....
 Conjure Flame            Conj/Fire      ###.....     6%          3    ###....
 Gell's Gravitas          Tloc           ###.......   6%          3    ###....
 Inner Flame              Hex/Fire       ###.....     6%          3    ###....
 Petrify                  Tmut/Erth      ###.....     17%         4    ####...
 Sticky Flame             Conj/Fire      ###.....     17%         4    ####...
 Fireball                 Conj/Fire      ###.......   43%         5    ######.
 Metabolic Englaciation   Hex/Ice        ###.......   43%         5    ######.
 Yara's Violent Unravell  Hex/Tmut       ###.......   43%         5    ######.


Dungeon Overview and Level Annotations

Branches:
Dungeon (11/15)            Temple (1/1) D:6            Lair (6/6) D:11
 Shoals (0/4) Lair:3        Snake (0/4) Lair:4        Slime (0/5) Lair:6
Ossuary (visited)
    Orc: D:9-12

Altars:
Ashenzari
Cheibriados
Elyvilon
Fedhas
Gozag
Hepliaklqana
Kikubaaqudgha
Nemelex Xobeh
Ru
Sif Muna
Trog
Vehumet
Xom
Zin
The Shining One
Jiyva

Annotations:
D:4 3 runed translucent doors, 2 transporters, Pixllover's ghost, amateur MiBe
Lair:1 1 runed translucent door, duje's ghost, novice MfGl


Innate Abilities, Weirdness & Mutations

Your experience applies equally to all skills.
((You have very sharp teeth.))
Your uncanny sense of smell can sniff out nearby items.


Message History

Unknown command.
Okay, then.
Evoke which item? (* to show all) (? for menu, Esc to quit)
Aiming: Corrosive Bolt
Press: ? - help, Shift-Dir - straight line, f - dream sheep, p - dream sheep
Aim: a dream sheep The bolt of acid hits the wyvern!!
The wyvern is splashed with acid.
The acid corrodes the wyvern!
You kill the wyvern!
The bolt of acid hits the dream sheep!!
The dream sheep is splashed with acid.
The acid corrodes the dream sheep!
You kill the dream sheep!
The bolt of acid hits the dream sheep!!
The dream sheep is splashed with acid!
The dream sheep seems to be corroded for longer.
You kill the dream sheep!
The dream sheep shake their wool and sparkle.
You feel drowsy...
You fall asleep.
The dream sheep bites you!!
You die...
Your body glows with a rainbow of weird colours and disappears.

### #♣# #Y# #Y# #(#
#Y# ####### # #Y#
#.#.##. .. #Y###
### ##...... ...
#.#.###.###.......
....
##.YY...#..........


You could see 5 dream sheep.

Vanquished Creatures
  Gastronok (Lair:2)
  Harold (D:10)
  2 hydras
  3 two-headed ogres
  2 death yaks (Lair:5)
  An unseen horror (D:11)
  Nergalle (Lair:3)
  2 orc knights (D:7)
  An orc sorcerer (D:7)
  5 elephants (Lair:5)
  2 centaur zombies
  7 black mambas
  A merfolk siren (Lair:3)
  A gargoyle (D:11)
  A rime drake (Lair:5)
  7 spiny frogs
  7 komodo dragons
  A troll (D:10)
  4 hippogriffs
  3 polar bears
  5 dream sheep (Lair:6)
  24 yaks
  A shadow (D:11)
  4 wyverns
  A fire elemental (Lair:5)
  6 fire bats (Lair:5)
  4 hogs (D:7)
  A human (D:7)
  3 basilisks
  A soldier ant (D:11)
  16 wargs (D:7)
  20 water moccasins
  8 orc warriors
  7 porcupines
  2 ice beasts
  2 black bears
  3 sky beasts
  8 ogres
  3 phantoms
  43 wolves
  6 crocodiles
  9 centaurs
  2 big kobolds
  15 bullfrogs
  A gnoll sergeant (D:10)
  2 water moccasin zombies (Ossuary)
  5 scorpions
  3 howler monkeys
  7 crimson imps
  A bullfrog zombie (D:10)
  A quasit (D:8)
  7 hounds
  2 jellies
  6 orc priests
  7 orc wizards
  A bullfrog skeleton (D:4)
  A centaur skeleton (D:11)
  8 iguanas
  15 worker ants
  4 big kobold zombies (Ossuary)
  A hound skeleton (D:9)
  3 mummies
  A worker ant zombie (D:9)
  3 gnolls (D:10)
  2 howler monkey skeletons
  16 adders
  A shadow imp (D:7)
  4 white imps (D:7)
  2 oozes
  3 adder skeletons
  5 adder zombies (Ossuary)
  4 worms
  5 leopard geckos
  60 orcs
  8 giant cockroaches
  5 gnoll zombies (Ossuary)
  7 goblins
  10 hobgoblins
  6 jackals
  7 quokkas
  2 ball pythons
  A ball python skeleton (D:5)
  6 bats
  4 frilled lizards
  A giant cockroach zombie (D:6)
  5 hobgoblin zombies (Ossuary)
  A jackal skeleton (D:4)
  15 kobolds
  5 kobold zombies (Ossuary)
  A leopard gecko skeleton (D:7)
  3 orc zombies (Ossuary)
  3 rats
  A fungus (Lair:1)
  2 plants (Lair:4)
521 creatures vanquished.

Vanquished Creatures (collateral kills)
  A warg (D:7)
  An ogre (D:7)
2 creatures vanquished.

Vanquished Creatures (others)
  2 fungi (Lair:6)
  5 plants
7 creatures vanquished.

Grand Total: 530 creatures vanquished

Notes
Turn   | Place    | Note
-------+----------+-------------------------------------------
     0 | D:1      | Morbidden the Gnoll Fighter began the quest for the Orb.
     0 | D:1      | Reached XP level 1. HP: 23/23 MP: 1/1
   201 | D:1      | Reached XP level 2. HP: 29/29 MP: 2/2
   330 | D:1      | Reached XP level 3. HP: 32/35 MP: 3/3
  1132 | D:2      | Reached skill level 1 in Invocations
  1344 | D:2      | Reached skill level 1 in Short Blades
  1344 | D:2      | Reached skill level 1 in Axes
  1344 | D:2      | Reached skill level 1 in Maces & Flails
  1344 | D:2      | Reached skill level 1 in Polearms
  1344 | D:2      | Reached skill level 1 in Staves
  1344 | D:2      | Reached skill level 1 in Slings
  1344 | D:2      | Reached skill level 1 in Bows
  1344 | D:2      | Reached skill level 1 in Crossbows
  1344 | D:2      | Reached skill level 1 in Throwing
  1344 | D:2      | Reached skill level 1 in Dodging
  1344 | D:2      | Reached skill level 1 in Stealth
  1344 | D:2      | Reached skill level 1 in Unarmed Combat
  1344 | D:2      | Reached skill level 1 in Spellcasting
  1344 | D:2      | Reached skill level 1 in Evocations
  1539 | D:3      | Reached XP level 4. HP: 39/41 MP: 5/5
  1719 | D:3      | Reached skill level 1 in Conjurations
  1719 | D:3      | Reached skill level 1 in Hexes
  1719 | D:3      | Reached skill level 1 in Charms
  1719 | D:3      | Reached skill level 1 in Summonings
  1719 | D:3      | Reached skill level 1 in Necromancy
  1719 | D:3      | Reached skill level 1 in Translocations
  1719 | D:3      | Reached skill level 1 in Transmutations
  1719 | D:3      | Reached skill level 1 in Fire Magic
  1719 | D:3      | Reached skill level 1 in Ice Magic
  1719 | D:3      | Reached skill level 1 in Air Magic
  1719 | D:3      | Reached skill level 1 in Earth Magic
  1719 | D:3      | Reached skill level 1 in Poison Magic
  1781 | D:3      | Reached XP level 5. HP: 47/47 MP: 6/6
  2233 | D:4      | Found a runed translucent gate.
  2233 | D:4      | Found a runed translucent gate.
  2233 | D:4      | Found an opulent altar of Gozag.
  2233 | D:4      | Found a runed translucent gate.
  2233 | D:4      | Noticed Pixllover's ghost (amateur MiBe)
  2280 | D:4      | Reached XP level 6. HP: 53/53 MP: 8/8
  2388 | D:4      | Reached skill level 5 in Long Blades
  2832 | D:4      | Reached XP level 7. HP: 20/59 MP: 10/10
  3098 | D:4      | Found a transporter.
  3099 | D:4      | Found a transporter.
  3236 | D:4      | Found a bloodstained altar of Trog.
  3373 | D:5      | Entered Level 5 of the Dungeon
  4724 | D:5      | Reached XP level 8. HP: 67/67 MP: 12/12
  5055 | D:6      | Found a staircase to the Ecumenical Temple.
  5063 | Temple   | Entered the Ecumenical Temple
  5086 | Temple   | Became a worshipper of Nemelex Xobeh the Trickster
  5191 | D:6      | Received a gift from Nemelex Xobeh
  5848 | D:7      | Found a sand-covered staircase.
  5857 | Ossuary  | Entered an ossuary
  6023 | Ossuary  | Reached XP level 9. HP: 72/72 MP: 14/14
  6363 | D:7      | Reached * piety under Nemelex Xobeh
  6429 | D:7      | Identified the +0 hand axe of Dominance {flame, Str+5
                  | Dex-4}
  6790 | D:7      | Reached skill level 5 in Invocations
  7151 | D:7      | Reached XP level 10. HP: 55/80 MP: 17/17
  7753 | D:7      | Reached skill level 5 in Short Blades
  7753 | D:7      | Reached skill level 5 in Axes
  7753 | D:7      | Reached skill level 5 in Maces & Flails
  7753 | D:7      | Reached skill level 5 in Polearms
  7753 | D:7      | Reached skill level 5 in Staves
  7753 | D:7      | Reached skill level 5 in Slings
  7753 | D:7      | Reached skill level 5 in Bows
  7753 | D:7      | Reached skill level 5 in Crossbows
  7753 | D:7      | Reached skill level 5 in Throwing
  7753 | D:7      | Reached skill level 5 in Dodging
  7753 | D:7      | Reached skill level 5 in Stealth
  7753 | D:7      | Reached skill level 5 in Unarmed Combat
  7753 | D:7      | Reached skill level 5 in Spellcasting
  7753 | D:7      | Reached skill level 5 in Evocations
  8301 | D:7      | Noticed an orc knight
  8301 | D:7      | Noticed an orc sorcerer
  8302 | D:7      | Noticed an orc knight
  8304 | D:7      | Noticed a sixfirhy
  8780 | D:8      | Noticed a two-headed ogre
  8796 | D:8      | Killed a two-headed ogre
  9221 | D:8      | Received a gift from Nemelex Xobeh
  9294 | D:8      | Found a snail-covered altar of Cheibriados.
  9384 | D:8      | Reached ** piety under Nemelex Xobeh
  9811 | D:7      | Killed an orc sorcerer
  9811 | D:7      | Reached XP level 11. HP: 87/87 MP: 19/19
  9873 | D:7      | Killed an orc knight
 10151 | D:7      | Killed an orc knight
 10151 | D:7      | Reached skill level 5 in Conjurations
 10151 | D:7      | Reached skill level 5 in Hexes
 10151 | D:7      | Reached skill level 5 in Charms
 10151 | D:7      | Reached skill level 5 in Summonings
 10151 | D:7      | Reached skill level 5 in Necromancy
 10151 | D:7      | Reached skill level 5 in Translocations
 10151 | D:7      | Reached skill level 5 in Transmutations
 10151 | D:7      | Reached skill level 5 in Fire Magic
 10151 | D:7      | Reached skill level 5 in Ice Magic
 10151 | D:7      | Reached skill level 5 in Air Magic
 10151 | D:7      | Reached skill level 5 in Earth Magic
 10151 | D:7      | Reached skill level 5 in Poison Magic
 10916 | D:9      | Found a glowing silver altar of Zin.
 10916 | D:9      | Found a sacrificial altar of Ru.
 10991 | D:9      | Received a gift from Nemelex Xobeh
 11285 | D:9      | Found a shattered altar of Ashenzari.
 11927 | D:9      | Found a blossoming altar of Fedhas.
 11984 | D:10     | Entered Level 10 of the Dungeon
 12010 | D:10     | Received a gift from Nemelex Xobeh
 12042 | D:10     | Reached *** piety under Nemelex Xobeh
 12161 | D:10     | Noticed a two-headed ogre
 12173 | D:10     | Killed a two-headed ogre
 12179 | D:10     | Noticed a two-headed ogre
 12182 | D:10     | Killed a two-headed ogre
 12584 | D:10     | Reached XP level 12. HP: 96/96 MP: 22/22
 12622 | D:10     | Received a gift from Nemelex Xobeh
 12652 | D:10     | Noticed Harold
 12654 | D:10     | Killed Harold
 13300 | D:11     | Found a flickering gateway to a bazaar.
 13307 | Bazaar   | Entered a bazaar
 13321 | Bazaar   | Found Tiehoth's Gadget Emporium.
 13336 | Bazaar   | Found Yweesam's Magic Scroll Emporium.
 13351 | Bazaar   | Found Fistrasch's General Store.
 13351 | Bazaar   | Found Rocel's Antique Weapon Shoppe.
 13372 | Bazaar   | Found Mophumeg's Weapon Shoppe.
 13408 | Bazaar   | Bought the +3 sling "Punk" {acid, rCorr} for 846 gold
                  | pieces
 13408 | Bazaar   | Found the +3 sling "Punk" {acid, rCorr}
 14233 | D:11     | Reached **** piety under Nemelex Xobeh
 14619 | D:11     | Found a staircase to the Lair.
 14749 | D:11     | Noticed an eight-headed hydra
 14761 | D:11     | Killed an eight-headed hydra
 14945 | Lair:1   | Entered Level 1 of the Lair of Beasts
 15261 | Lair:1   | Noticed a seven-headed hydra
 15270 | Lair:1   | Killed a seven-headed hydra
 15658 | Lair:1   | Reached skill level 10 in Fighting
 15658 | Lair:1   | Reached skill level 10 in Armour
 15658 | Lair:1   | Reached skill level 10 in Shields
 15695 | Lair:1   | You fall into a shaft and drop 1 floor!
 16072 | Lair:1   | Found a runed translucent door.
 16072 | Lair:1   | Found a shimmering altar of Xom.
 16072 | Lair:1   | Noticed duje's ghost (novice MfGl)
 16128 | Lair:1   | Received a gift from Nemelex Xobeh
 16618 | Lair:2   | Reached XP level 13. HP: 102/103 MP: 24/24
 16981 | Lair:2   | Reached ***** piety under Nemelex Xobeh
 17137 | Lair:2   | Found the +8 whip "Snakebite" {curare, rPois}
 17393 | Lair:2   | Noticed Gastronok
 17610 | Lair:2   | Killed Gastronok
 17649 | Lair:2   | Received a gift from Nemelex Xobeh
 17791 | Lair:3   | Got a fine robe
 17792 | Lair:3   | Identified the +0 robe of Untruth {Dex+4} (You found it on
                  | level 3 of the Lair of Beasts)
 17821 | Lair:3   | Noticed Nergalle
 17833 | Lair:3   | Killed Nergalle
 18100 | Lair:3   | Identified the +5 glaive of Zebb {freeze, rPois rF+ MP+9}
                  | (You found it on level 3 of the Lair of Beasts)
 18765 | Lair:3   | Received a gift from Nemelex Xobeh
 18883 | Lair:3   | Found a staircase to the Shoals.
 19260 | Lair:4   | Found a staircase to the Snake Pit.
 19455 | Lair:4   | Identified the +2 whip of Jaroad {chaos, rPois} (You found
                  | it on level 4 of the Lair of Beasts)
 19492 | Lair:4   | Received a gift from Nemelex Xobeh
 20114 | Lair:5   | Received a gift from Nemelex Xobeh
 20570 | Lair:5   | Received a gift from Nemelex Xobeh
 20806 | Lair:5   | Reached XP level 14. HP: 111/111 MP: 26/26
 21264 | Lair:6   | Entered Level 6 of the Lair of Beasts
 21264 | Lair:6   | Found a staircase to the Slime Pits.
 21264 | Lair:6   | Found a viscous altar of Jiyva.
 21469 | Lair:6   | Reached skill level 10 in Long Blades
 21485 | Lair:6   | HP: 7/166 [wyvern (10)]
 21490 | Lair:6   | Slain by a dream sheep

Illustrated notes

Levels and vault maps discovered:
D:1:      dpeg_arrival_circle_labyrinth_c, layout_rooms
D:2:      layout_loops_ring, first_ration, chequers_serial_rivers_micro_b,
          minmay_misc_feat_four_crosses
D:3:      layout_basic
D:4:      gammafunk_steamed_eel, layout_basic, ebering_ghost_gozag, st_stairs_5,
          trog_butcher_becter
D:5:      layout_basic
D:6:      layout_loops_cross, temple_fountains
D:7:      lemuel_castle_with_subvaults [lemuel_castle_interior_carwin_2],
          layout_loops_corners, lightli_ossuary_entry_decrepit_ruins,
          grunt_livestock, minmay_nine_imps
D:8:      layout_loops_corners, hangedman_decor_lopped, minivault_22,
          chei_slow_surprise
D:9:      layout_cave_pools, fedhas_altar_4, overflow_temple_1_default,
          chequers_temple_overflow_statue_of_worship, serial_column_ruins,
          column_ruins_grid_1, column_ruins_open_tiny, column_ruins_open_tiny,
          column_ruins_open_small, column_ruins_open_large,
          column_ruins_columns_corner, serial_bayou_pond_a
D:10:     layout_roguey, minmay_misc_feat_x, uniq_harold
D:11:     layout_loops_ring, lair_entry_dummy, serial_shops, bzr_entry_dummy,
          hangedman_abyss_or_decor_slice
Temple:   compressed_dpeg_circular_temple
Lair:1:   layout_hall_layers, ebering_ghost_xom, grunt_forest_large_clearings,
          lemuel_fruit_fields
Lair:2:   minmay_guarded_unrand_snakebite, layout_cave_shapes,
          hangedman_lair_unloving_vines, grunt_megastairs_5,
          serial_bayou_shore_b, uniq_gastronok
Lair:3:   layout_cave_pods, minmay_shoals_entry_lonely_mermaid,
          minmay_stone_trees_small, uniq_nergalle
Lair:4:   layout_hall_layers, minmay_snake_entry_six_corridors
Lair:5:   layout_gridlike, grunt_megastairs_2
Lair:6:   hangedman_lair_tendril_chambers, layout_gridlike, wormcave,
          slime_altar_1, uniq_josephine

Skill      XL: |  1  2  3  4  5  6  7  8  9 10 11 12 13 14 |
---------------+-------------------------------------------+-----
Invocations    | 1 2 3 4 5 6 7 8 9 |  9.6
Short Blades   | 1 2 3 4 5 6 7 8 |  8.9
Axes           | 1 2 3 4 5 6 7 8 |  8.9
Maces & Flails | 1 2 3 4 5 6 7 8 |  8.9
Polearms       | 1 2 3 4 5 6 7 8 |  8.9
Staves         | 1 2 3 4 5 6 7 8 |  8.9
Slings         | 1 2 3 4 5 6 7 8 |  8.9
Bows           | 1 2 3 4 5 6 7 8 |  8.9
Crossbows      | 1 2 3 4 5 6 7 8 |  8.9
Throwing       | 1 2 3 4 5 6 7 8 |  8.9
Dodging        | 1 2 3 4 5 6 7 8 |  8.9
Stealth        | 1 2 3 4 5 6 7 8 |  8.9
Unarmed Combat | 1 2 3 4 5 6 7 8 |  8.9
Spellcasting   | 1 2 3 4 5 6 7 8 |  8.9
Evocations     | 1 2 3 4 5 6 7 8 |  8.9
Conjurations   | 1 2 3 4 5 6 7 |  7.4
Hexes          | 1 2 3 4 5 6 7 |  7.4
Charms         | 1 2 3 4 5 6 7 |  7.4
Summonings     | 1 2 3 4 5 6 7 |  7.4
Necromancy     | 1 2 3 4 5 6 7 |  7.4
Translocations | 1 2 3 4 5 6 7 |  7.4
Transmutations | 1 2 3 4 5 6 7 |  7.4
Fire Magic     | 1 2 3 4 5 6 7 |  7.4
Ice Magic      | 1 2 3 4 5 6 7 |  7.4
Air Magic      | 1 2 3 4 5 6 7 |  7.4
Earth Magic    | 1 2 3 4 5 6 7 |  7.4
Poison Magic   | 1 2 3 4 5 6 7 |  7.4
Long Blades    | 5 6 7 8 9 10 | 10.0
Fighting       | 7 8 9 10 | 10.9
Armour         | 7 8 9 10 | 10.9
Shields        | 7 8 9 10 | 10.9

Action                   |  1- 3 |  4- 6 |  7- 9 | 10-12 | 13-15 || total
-------------------------+-------+-------+-------+-------+-------++-------
Melee: Long sword        |    35 |       |       |    18 |       ||    53
       Bite              |    16 |    17 |    76 |   117 |    48 ||   274
       Short sword       |    84 |   115 |    98 |       |       ||   297
       Whip              |       |       |   431 |   735 |   265 ||  1431
 Fire: Fustibalus        |       |       |       |   206 |   266 ||   472
Throw: Stone             |    15 |    31 |    22 |    19 |       ||    87
       Dart              |     5 |    39 |    19 |     2 |       ||    65
       Boomerang         |       |       |       |    38 |       ||    38
       Throwing net      |       |       |       |     1 |       ||     1
Invok: Draw Destruction  |       |       |     3 |    13 |     7 ||    23
       Draw Summoning    |       |       |     2 |       |       ||     2
       Draw Escape       |       |       |     1 |       |     4 ||     5
Evoke: Wand              |       |     1 |     2 |     4 |     2 ||     9
  Use: Potion            |       |       |     1 |       |     2 ||     3
       Scroll            |       |       |     8 |     7 |    15 ||    30
 Stab: Sleeping          |       |       |     1 |     2 |       ||     3
  Eat: Chunk             |     2 |     4 |    12 |    27 |    15 ||    60
       Ration            |       |       |     1 |     1 |       ||     2
Armor: Scale mail        |    48 |    37 |   135 |    68 |       ||   288
       Plate armour      |       |       |       |   247 |   119 ||   366
Dodge: Dodged            |    46 |    26 |   180 |   348 |   118 ||   718
Block: Kite shield       |    61 |    59 |   298 |   492 |   123 ||  1033
       Tower shield      |       |       |       |       |   151 ||   151
       Rpst.: Long sword |     6 |       |       |     3 |       ||     9

Table legend:
 A = Non-vault XP
 B = Vault XP
 C = Vault XP percentage of total XP
 D = Non-vault monster count
 E = Vault monster count
 F = Vault count percentage of total count
                 A         B        C        D         E       F
            +---------+---------+-------+---------+---------+-------
      Total |   41052 |   19808 |  32.5 |     360 |     160 |  30.8
            +---------+---------+-------+---------+---------+-------
        D:1 |      36 |       0 |   0.0 |      21 |       0 |   0.0
        D:2 |      45 |       0 |   0.0 |      13 |       0 |   0.0
        D:3 |      88 |       0 |   0.0 |      14 |       0 |   0.0
        D:4 |     578 |      59 |   9.3 |      23 |       7 |  23.3
        D:5 |     395 |       0 |   0.0 |      22 |       0 |   0.0
        D:6 |     216 |       0 |   0.0 |      16 |       0 |   0.0
        D:7 |    1542 |    6809 |  81.5 |      36 |      64 |  64.0
        D:8 |    2278 |      18 |   0.8 |      21 |       1 |   4.5
        D:9 |    2594 |       0 |   0.0 |      33 |       0 |   0.0
       D:10 |    4100 |     981 |  19.3 |      27 |       1 |   3.6
       D:11 |    3707 |     810 |  17.9 |      25 |       7 |  21.9
     Lair:1 |    3013 |    2087 |  40.9 |      12 |      18 |  60.0
     Lair:2 |    4439 |    4461 |  50.1 |      22 |      12 |  35.3
     Lair:3 |    3759 |    1238 |  24.8 |      18 |       2 |  10.0
     Lair:4 |    2400 |    1877 |  43.9 |      16 |      12 |  42.9
     Lair:5 |    9441 |     137 |   1.4 |      31 |       1 |   3.1
     Lair:6 |    2421 |     989 |  29.0 |      10 |       4 |  28.6
    Ossuary |       0 |     342 | 100.0 |       0 |      31 | 100.0
            +---------+---------+-------+---------+---------+-------
